 Dungeon Crawl Stone Soup version 0.27.1 (webtiles) character file.

Game seed: 14377409995064726901

2620 dtburroughs the Fighter (level 9, 0/81 HPs)
             Began as a Minotaur Berserker on Aug 30, 2021.
             Was an Elder of Trog.
             Slain by an unseen horror (5 damage)
             ... on level 7 of the Dungeon on Sept 1, 2021.
             The game lasted 00:13:29 (8606 turns).

dtburroughs the Fighter (Minotaur Berserker)        Turns: 8606, Time: 00:13:30

Health: 0/81       AC: 10    Str: 23    XL:     9   Next: 34%
Magic:  8/8        EV: 12    Int:  7    God:    Trog [****..]
Gold:   350        SH:  0    Dex:  9    Spells: 8/8 levels left

rFire    . . .     SeeInvis .   t - +0 war axe
rCold    . . .     Faith    .   (no shield)
rNeg     + . .     Spirit   .   g - +2 ring mail {rN+}
rPois    .         Reflect  .   (helmet restricted)
rElec    .         Harm     .   (no cloak)
rCorr    .         Rampage  .   w - +0 pair of gloves
Will     ++...                  (no boots)
Stlth    ..........             (no amulet)
HPRegen  1.23/turn              (no ring)
MPRegen  0.11/turn              (no ring)

@: strong-willed, regenerating
A: horns 2, retaliatory headbutt
a: Renounce Religion, Berserk, Trog's Hand, Brothers in Arms


You were on level 7 of the Dungeon.
You worshipped Trog.
Trog was greatly pleased with you.
You visited 1 branch of the dungeon, and saw 7 of its levels.
You also visited: Ossuary.

You collected 350 gold pieces.

Inventory:

Hand Weapons
 a - a +0 hand axe
 t - a +0 war axe (weapon)
 x - a +2 antimagic flail
Armour
 g - a +2 ring mail of positive energy (worn)
 q - a +0 chain mail
 w - a +0 pair of gloves (worn)
Wands
 l - a wand of iceblast (24)
 y - a wand of digging (5)
 z - a wand of flame (14)
Scrolls
 c - 3 scrolls of identify
 d - 2 scrolls of fog
 e - 4 scrolls of noise
 f - a scroll of immolation {unknown}
 h - 3 scrolls of teleportation {unknown}
 i - 2 scrolls of amnesia {unknown}
 j - a scroll of enchant weapon {unknown}
 m - a scroll of vulnerability {unknown}
 r - a scroll of blinking {unknown}
Potions
 b - a potion of resistance {unknown}
 k - 9 potions of curing
 n - a potion of lignification {unknown}
 o - 2 potions of heal wounds
 p - a potion of invisibility {unknown}
 s - a potion of magic {unknown}
 u - a potion of haste {unknown}
 v - a potion of attraction {unknown}


   Skills:
 + Level 8.0 Fighting
 + Level 8.0 Axes
 + Level 7.4 Armour
 + Level 6.8 Dodging
 + Level 4.1 Evocations


You had 8 spell levels left.
You didn't know any spells.
Your spell library was empty.

Dungeon Overview and Level Annotations

Branches:
Dungeon (7/15)             Temple (0/1) D:4         Ossuary (visited)

Altars:
Ashenzari
Dithmenos
Trog
Uskayaw
Wu Jian

Annotations:
D:7 2 transporters, 1 runed translucent door, Crazy Yiuf; hilljack's ghost, novice GrEE


Innate Abilities, Weirdness & Mutations

You have a pair of horns on your head.
You reflexively headbutt those who attack you in melee.


Message History

Something hits you.
You see here a +0 trident.
Something hits you but does no damage. Something barely misses you.
Something hits you!
There is an open door here.
You hit something. You headbutt something.
Something hits you but does no damage. Something hits you. Something hits you.
Something hits you. Something hits you. Something hits you!
* * * LOW HITPOINT WARNING * * *
Something barely misses you. Something hits you but does no damage.
Something hits you.
* * * LOW HITPOINT WARNING * * *
Your skin crawls.
You feel strong-willed. Something hits you.
* * * LOW HITPOINT WARNING * * *
Something hits you.
* * * LOW HITPOINT WARNING * * *
You see here 30 arrows.
Something hits you but does no damage. Something hits you but does no damage.
Something hits you but does no damage. Something hits you.
* * * LOW HITPOINT WARNING * * *
Something hits you.
* * * LOW HITPOINT WARNING * * *
Something hits you.
* * * LOW HITPOINT WARNING * * *
Something hits you.
* * * LOW HITPOINT WARNING * * *
Things that are here:
a +0 short sword; a +3 leather armour of fire resistance; 2 potions of degeneration You barely miss something.
Your headbutt misses something. Something hits you.
You die...

#.......#.))#.#.............
#########.#.#.#.#######..###
#...#...# #..###
#(#.###########..##.
#...#...........>...
#.#)##..###..#######
#...###.####.####...
#.###.............#<
#.{@..#..#######..##
########.# ### #....
#.#######..## #...'_'....#
#.###'###..## #.# #.# #....
#.###.###..## #............
####.......##


There were no monsters in sight!

Vanquished Creatures
  Menkaure (D:7)
  Edmund (D:6)
  A water moccasin (D:6)
  Duvessa (D:7)
  Purgy (D:3)
  An ice beast (D:5)
  2 orc warriors (D:7)
  2 black bears
  A necrophage (D:7)
  2 ogres (D:6)
  2 centaurs
  2 elf zombies (Ossuary)
  Dowan (D:7)
  3 scorpions
  A wyvern skeleton (D:7)
  A howler monkey (D:6)
  3 jellies
  2 orc priests
  3 human zombies (Ossuary)
  Jessica (D:2)
  2 bullfrog skeletons
  Natasha (thrice) (D:3)
  Terence (D:2)
  An iguana (D:6)
  3 orc wizards
  A killer bee zombie (D:7)
  A hound skeleton (D:4)
  2 mummies (Ossuary)
  2 howler monkey zombies
  A howler monkey skeleton (D:6)
  7 adders
  An ufetubus (D:7)
  2 adder skeletons (D:4)
  2 worms
  10 orcs
  5 endoplasms
  4 giant cockroaches
  5 goblins
  5 hobgoblins
  10 kobolds
  3 quokkas
  5 ball pythons
  9 bats
  5 frilled lizards
  2 goblin zombies (Ossuary)
  9 hobgoblin zombies (Ossuary)
  2 jackal zombies (Ossuary)
  11 kobold zombies (Ossuary)
  7 orc zombies (Ossuary)
  5 rats (D:2)
  A rat zombie (Ossuary)
159 creatures vanquished.

Notes
Turn   | Place    | Note
-------+----------+-------------------------------------------
     0 | D:1      | dtburroughs the Minotaur Berserker began the quest for the
                  | Orb.
     0 | D:1      | Reached XP level 1. HP: 19/19 MP: 0/0
   525 | D:1      | Reached XP level 2. HP: 11/27 MP: 1/1
  1460 | D:2      | Noticed Terence
  1486 | D:2      | Killed Terence
  1487 | D:2      | Reached XP level 3. HP: 7/33 MP: 2/2
  2029 | D:2      | Noticed Jessica
  2041 | D:2      | Killed Jessica
  2041 | D:2      | Reached ** piety under Trog
  2042 | D:2      | Reached XP level 4. HP: 31/41 MP: 3/3
  2887 | D:3      | Noticed Purgy
  2898 | D:3      | Killed Purgy
  2899 | D:3      | Reached XP level 5. HP: 47/47 MP: 4/4
  3212 | D:3      | Noticed Natasha
  3221 | D:3      | Killed Natasha
  3222 | D:3      | Reached skill level 5 in Fighting
  3222 | D:3      | Reached skill level 5 in Axes
  3450 | D:3      | Noticed Natasha
  3459 | D:3      | Killed Natasha
  3547 | D:3      | Noticed Natasha
  3561 | D:3      | Killed Natasha
  3562 | D:3      | Reached XP level 6. HP: 43/56 MP: 5/5
  3957 | D:4      | Found a bloodstained altar of Trog.
  4017 | D:4      | Reached *** piety under Trog
  4169 | D:4      | Found a sand-covered staircase.
  4175 | Ossuary  | Entered an ossuary
  4331 | Ossuary  | Reached skill level 5 in Armour
  4331 | Ossuary  | Reached XP level 7. HP: 24/62 MP: 6/6
  4335 | Ossuary  | Reached **** piety under Trog
  4580 | Ossuary  | Reached skill level 1 in Evocations
  4791 | D:4      | Found a staircase to the Ecumenical Temple.
  4914 | D:5      | Entered Level 5 of the Dungeon
  4961 | D:5      | Found a shadowy altar of Dithmenos.
  5503 | D:5      | Found a broken altar of Ashenzari.
  5559 | D:5      | Reached skill level 5 in Dodging
  5679 | D:5      | Reached XP level 8. HP: 71/71 MP: 7/7
  7201 | D:6      | Noticed Edmund
  7213 | D:6      | Killed Edmund
  7516 | D:7      | Found a transporter.
  7538 | D:7      | Found a transporter.
  7542 | D:7      | Noticed hilljack's ghost (novice GrEE)
  7605 | D:7      | Noticed a moth of wrath
  7703 | D:7      | Found a runed translucent door.
  7704 | D:7      | Noticed Crazy Yiuf
  7780 | D:7      | Found a hide-covered altar of Uskayaw.
  7836 | D:7      | Reached XP level 9. HP: 77/79 MP: 8/8
  8074 | D:7      | Noticed Duvessa
  8075 | D:7      | Noticed Dowan
  8077 | D:7      | Found an ornate altar of the Wu Jian Council.
  8081 | D:7      | Noticed Menkaure
  8111 | D:7      | Killed Duvessa
  8127 | D:7      | Killed Dowan
  8318 | D:7      | Killed Menkaure
  8605 | D:7      | HP: 3/81 [something (3)]
  8606 | D:7      | Slain by an unseen horror

Illustrated notes

Levels and vault maps discovered:
D:1:      amcnicky_arrival_wind_blow, layout_basic
D:2:      layout_basic, minmay_stone_trees_small, uniq_jessica, uniq_terence
D:3:      layout_basic, chequers_decorated_corner, uniq_purgy, uniq_natasha
D:4:      layout_rooms, marbit_many_paths, minmay_temple_entry_fiery,
          nicolae_ossuary_entry_plus, serial_glass, glass_columns_b,
          glass_columns_a, due_unseen_surprise, minmay_strange_pillars,
          feat_on_display, minmay_misc_feat_encased
D:5:      layout_loops_ring, nicolae_dithmenos_the_darkroom,
          overflow_temple_1_default, roderic_lattice_a, kennysheep_nub
D:6:      layout_gridville, kennysheep_generic_room_3, uniq_edmund
D:7:      layout_basic, lemuel_doored_altar, grunt_temple_overflow_open,
          gammafunk_ghost_berserking_beasts, hangedman_minor_gate_pass,
          uniq_duvessa, uniq_crazy_yiuf_cottage, uniq_menkaure

Skill      XL: |  1  2  3  4  5  6  7  8  9 |
---------------+----------------------------+-----
Fighting       | 4 5 6 7 8 |  8.0
Axes           | 4 5 6 7 8 |  8.0
Armour         | 3 4 5 7 |  7.4
Dodging        | 3 4 5 6 |  6.8
Evocations     | 2 3 4 |  4.1

Action                   |  1- 3 |  4- 6 |  7- 9 || total
-------------------------+-------+-------+-------++-------
Melee: Hand axe          |    84 |   208 |    88 ||   380
       Headbutt          |     6 |    33 |    39 ||    78
       War axe           |       |       |   106 ||   106
Invok: Berserk           |     2 |     1 |     2 ||     5
       Trog's Hand       |       |     1 |     2 ||     3
  Use: Scroll            |       |       |     5 ||     5
Armor: Animal skin       |    15 |       |       ||    15
       Ring mail         |     2 |    83 |    84 ||   169
Dodge: Dodged            |    54 |    85 |   125 ||   264
